 Dungeon Crawl Stone Soup version 0.27-a0-1565-gad902ab807 (webtiles) character file.

Game seed: 17152355269681070197

176838 robertstho the Eclecticist (level 18, -2/118 HPs)
             Began as a Djinni Fire Elementalist on July 16, 2021.
             Was the Champion of Hepliaklqana.
             Slain by a ghost moth (12 damage)
             ... on level 4 of the Spider Nest.
             The game lasted 01:21:08 (24014 turns).

robertstho the Eclecticist (DjFE)                  Turns: 24014, Time: 01:21:10

Health: -2/118     AC: 12    Str: 14 (16) XL:     18   Next: 81%
Gold:   2316       EV: 14    Int: 28 (30) God:    Hepliaklqana [******] SH: 10 Dex: 16 (18)

rFire    + + .     SeeInvis .   N - +4 scimitar (flame)
rCold    . . .     Faith    .   a - +5 buckler of Barnacled Joy {rN+}
rNeg     + + .     Spirit   .   v - +0 troll leather armour
rPois    ∞         Reflect  .   y - +2 hat "Ugeg" {rElec Str+2 Dex+3 Stlth-}
rElec    +         Harm     .   b - scarf {+Inv}
rCorr    .         Rampage  .   i - +1 pair of gloves {Str+3}
Will     +....                  (boots unavailable)
Stlth    ++........             c - amulet "Uthomaec" {rC+ rN+ Regen+ Str+4}
HPRegen  2.29/turn              T - +4 ring of protection
MPRegen  0.00/turn              I - +6 ring of intelligence

@: flying, studying Fighting
A: reduced essence, sickness immunity, fire resistance 2, cold vulnerability 1,
float, innate caster, hp casting, extra vitality 1
a: Renounce Religion, Evoke Invisibility, Recall Ancestor, Ancestor Identity,
Transference, Idealise


You were on level 4 of the Spider Nest.
You worshipped Hepliaklqana.
Hepliaklqana was exalted by your worship.
You visited 4 branches of the dungeon, and saw 27 of its levels.
You also visited: Ice Cave.

You collected 3769 gold pieces.
You spent 1453 gold pieces at shops.

Inventory:

Hand Weapons
 L - a +1 long sword of holy wrath
 N - a +4 scimitar of flaming (weapon)
Armour
 a - the +5 buckler of Barnacled Joy (worn) {rN+}
   (You acquired it on level 2 of the Orcish Mines)

   rN:        It protects you from negative energy.
 b - a scarf of invisibility (worn)
 i - a +1 pair of gloves of strength (worn)
 v - a +0 troll leather armour (worn)
 y - the +2 hat "Ugeg" (worn) {rElec Str+2 Dex+3 Stlth-}
   (You found it on level 3 of the Spider Nest)

   Str:       It affects your strength (+2).
   Dex:       It affects your dexterity (+3).
   rElec:     It insulates you from electricity.
   Stlth:     It makes you less stealthy.
 V - the +1 robe "Xaddugid" {rC+}
   (You found it on level 1 of the Spider Nest)

   rC:        It protects you from cold.
 Y - a +0 kite shield of cold resistance
Jewellery
 c - the amulet "Uthomaec" (around neck) {rC+ rN+ Regen+ Str+4}
   (You acquired it on level 2 of the Dungeon)

   [amulet of regeneration]

   Str:       It affects your strength (+4).
   rC:        It protects you from cold.
   rN:        It protects you from negative energy.
   Regen:     It increases your rate of health regeneration.
 g - a ring of willpower
 n - the ring of Zenud {EV+4 Str+4 Int+4 Dex+4 Stlth-}
   (You found it on level 3 of the Spider Nest)

   [ring of evasion]

   EV:        It affects your evasion (+4).
   Str:       It affects your strength (+4).
   Int:       It affects your intelligence (+4).
   Dex:       It affects your dexterity (+4).
   Stlth:     It makes you less stealthy.
 z - a ring of positive energy
 C - a ring of resist corrosion
 G - the ring of the Saving Ancients {rPois Int+6}
   (You found it on level 6 of the Lair of Beasts)

   [ring of intelligence]

   Int:       It affects your intelligence (+6).
   rPois:     It protects you from poison.
 I - a +6 ring of intelligence (right hand)
 K - a ring of protection from fire
 M - a ring of magical power
 T - a +4 ring of protection (left hand)
Wands
 r - a wand of mindburst (33)
 x - a wand of digging (13)
 A - a wand of paralysis (10)
 J - a wand of iceblast (48)
 P - a wand of acid (22)
Scrolls
 h - 5 scrolls of blinking
 j - 5 scrolls of enchant armour
 l - 5 scrolls of magic mapping
 p - 4 scrolls of vulnerability
 q - 4 scrolls of fear
 s - 14 scrolls of teleportation
 u - 4 scrolls of fog
 w - 5 scrolls of immolation
 B - 2 scrolls of summoning
 E - a scroll of silence
 F - 4 scrolls of enchant weapon
 H - 4 scrolls of identify
 W - 2 scrolls of holy word
Potions
 d - 10 potions of brilliance
 e - 5 potions of might
 f - 5 potions of haste
 k - a potion of ambrosia
 m - 13 potions of curing
 o - 3 potions of heal wounds
 t - 2 potions of mutation
 D - 5 potions of invisibility
 O - a potion of lignification
 R - a potion of resistance
 S - 2 potions of cancellation
 X - 3 potions of attraction


   Skills:
 * Level 13.0 Fighting
 + Level 2.0(3.0) Short Blades
 + Level 3.4(3.8) Long Blades
 + Level 4.0 Armour
 + Level 6.1 Dodging
 + Level 4.8 Stealth
 + Level 3.4 Shields
 * Level 19.0 Spellcasting
 * Level 10.8 Invocations
 + Level 2.1 Evocations


You had 9 spell levels left.
You knew the following spells:

 Your Spells              Type           Power      Damage    Failure   Level
a - Foxfire               Conj/Fire      100%       2x1d9     0%          1
b - Conjure Flame         Conj/Fire      93%        6-21      0%          3
c - Inner Flame           Hex/Fire       93%        N/A       0%          3
d - Sticky Flame          Conj/Fire      93%        2d10      0%          4
e - Fireball              Conj/Fire      46%        3d18      1%          5
f - Freeze                Ice            100%       1d11      0%          1
g - Searing Ray           Conj           100%       3d7       0%          2
h - Call Imp              Summ           93%        N/A       0%          2
i - Tukima's Dance        Hex            93%        N/A       0%          3
j - Freezing Cloud        Conj/Ice/Air   46%        6-21      1%          5
k - Metabolic Englaciati  Hex/Ice        46%        N/A       1%          5
l - Death Channel         Necr           46%        N/A       1%          6
m - Shadow Creatures      Summ           N/A        N/A       1%          6
Your spell library was empty.

Dungeon Overview and Level Annotations

Branches:
Dungeon (15/15)            Temple (0/1) D:5            Lair (6/6) D:10
 Shoals (0/4) Lair:2       Spider (4/4) Lair:4        Slime (0/5) Lair:6
    Orc (2/2) D:9             Elf (0/3) Orc:2        Depths (0/5) D:15
  IceCv (visited)
 Vaults: D:13-14

Altars:
Ashenzari
Dithmenos
Elyvilon
Fedhas
Hepliaklqana
Makhleb
Okawaru
Qazlal
Trog
Yredelemnul
Beogh

Shops:
D:5 *   D:13 [?   Orc:1 *   Orc:2 =(*[=

Annotations:
D:9 1 runed translucent door
D:10 2 runed translucent doors, exclusion: orange crystal statue
D:11 1 runed translucent door, Nausicaa's ghost, journeyman MiBe
Lair:5 exclusion: oklob plant


Innate Abilities, Weirdness & Mutations

Your life essence is reduced to manifest your ancestor. (-10% HP)
You are immune to sickness and miasma.
You are immune to poison.
Your flesh is very heat resistant. (rF++)
You are vulnerable to cold. (rC-)
You float through the air rather than walking.
You learn spells naturally, not from books.
Your magical power is your life essence.
You have superior vitality. (+4 HP)


Message History

* * * LOW HITPOINT WARNING * * *
The ghost moth burns!
The ghost moth is engulfed in freezing vapours. x2
The ghost moth burns!
The ghost moth is engulfed in freezing vapours.
The ghost moth burns!
The ghost moth is engulfed in freezing vapours.
You feel much better.
The ghost moth burns!
The tarantella is no longer moving slowly.
Something hits you! x2
You feel dopey.
Something stings you but does no damage.
Something hits you. Something hits you!
You feel clumsy.
Something stings you but does no damage.
Something hits you. x2; You block something's attack.
Something hits you!
* * * LOW HITPOINT WARNING * * *
You block something's attack. Something stings you.
* * * LOW HITPOINT WARNING * * *
Casting: Freezing Cloud (safe; 1% risk of failure)
Confirm with . or Enter, or press ? or * to list all spells.
Aiming: Fireball (safe; 1% risk of failure)
Press: ? - help, Shift-Dir - straight line The fireball explodes!
You hear a sizzling sound! x2
The fireball engulfs the tarantella!!!
You kill the tarantella!
You hear a sizzling sound! x2
The fireball engulfs the emperor scorpion!!
The emperor scorpion is severely wounded.
You hear a sizzling sound!
* * * LOW HITPOINT WARNING * * *
You hear an angry hiss.
Something hits you but does no damage. Something hits you!
* * * LOW HITPOINT WARNING * * *
Something stings you but does no damage.
Something hits you!
* * * LOW HITPOINT WARNING * * *
Something hits you!
You die...

... #..........#
#..... .
###..≈≈.^^.≈##^.^..
#^.≈≈####.≈# .##
#.†≈## ..# # ##..≈#
^# #≈..≈# # #...##
# ##..# #@.# #..#
##§§# #≈§§# #...#
≈≈≈.#..^ ##†.##
≈≈..≈.# #^s.#
..°... #...# ...≈#
#...# ....#


You could see an emperor scorpion (slow).

Vanquished Creatures
  Saint Roka (Orc:2)
  A lich (IceCv)
  2 emperor scorpions
  The ghost of Ypolaimeny the Severer, a journeyman HOWz of Beogh (Spider:3)
  An entropy weaver (Spider:3)
  A spark wasp (Spider:4)
  2 ettins
  An ice dragon (D:15)
  3 catoblepae (Lair:6)
  A caustic shrike simulacrum (IceCv)
  9 hydras
  4 boulder beetles
  A death knight (D:13)
  3 centaur warriors
  Erica (D:9)
  5 two-headed ogres
  11 death yaks
  2 tengu warriors
  2 orc high priests
  3 bog bodies (IceCv)
  5 orc knights
  19 orb spiders
  A wizard (D:15)
  A phantasmal warrior (D:13)
  A necromancer (IceCv)
  25 wolf spiders
  A deep elf pyromancer (D:15)
  6 orc sorcerers
  5 manticores
  2 oklob plants (Lair:6)
  3 cyclopes
  11 elephants
  3 merfolk sirens (Lair:2)
  12 ugly things (D:15)
  5 black mambas
  A moth of wrath (Spider:4)
  3 gargoyles
  A torpor snail (Spider:3)
  8 cane toads
  An efreet (D:15)
  4 rime drakes
  19 freezing wraiths
  5 yaktaurs (D:14)
  A tengu conjurer (D:15)
  An entropy weaver simulacrum (IceCv)
  6 komodo dragons
  3 anaconda simulacra (IceCv)
  3 demonic crawlers
  2 golden dragon simulacra (IceCv)
  5 trolls
  A merfolk (Lair:2)
  3 meliai (D:14)
  30 jumping spiders
  A hornet (Spider:3)
  5 dream sheep
  11 slime creatures
  12 blink frogs
  A shadow (D:12)
  46 redbacks
  30 tarantellas
  A spriggan simulacrum (IceCv)
  3 wraiths
  2 dire elephant simulacra (IceCv)
  59 yaks
  4 wyverns
  4 basilisks
  2 steam dragons
  2 minotaur simulacra (IceCv)
  6 vampire mosquitoes
  4 harpy simulacra (IceCv)
  8 wargs
  2 hydra simulacra (IceCv)
  12 water moccasins
  29 orc warriors
  7 black bears
  4 ogres
  5 alligator simulacra (IceCv)
  2 necrophages
  An ettin simulacrum (IceCv)
  7 wolves
  7 centaurs
  Blork the orc (Orc:2)
  A wyvern zombie (D:8)
  2 kobold brigands
  18 bullfrogs
  2 gnoll sergeants
  4 scorpions (Lair:4)
  A water moccasin zombie (D:5)
  2 deep troll simulacra (IceCv)
  2 lindwurm simulacra (IceCv)
  10 killer bees
  3 wights (D:5)
  4 electric eels
  3 howler monkeys
  2 centaur zombies
  A bullfrog zombie (D:5)
  2 jellies
  23 orc priests
  9 hounds
  Crazy Yiuf (D:4)
  3 bullfrog skeletons
  2 gnoll shamans
  2 iguanas
  11 hell rats
  18 orc wizards
  2 killer bee zombies
  2 hound skeletons (D:5)
  19 gnolls
  4 adders
  2 white imps (D:5)
  3 ufetubi
  An adder skeleton (D:4)
  2 worms (Lair:4)
  A dart slug (D:3)
  73 orcs
  4 ball pythons
  8 endoplasms
  3 giant cockroaches
  6 goblins
  5 hobgoblins
  2 jackals (D:3)
  12 kobolds
  4 quokkas
  4 bats
  5 frilled lizards
  4 rats
822 creatures vanquished.

Vanquished Creatures (collateral kills)
  An emperor scorpion (Spider:4)
  An orc warlord (Orc:2)
  An entropy weaver (Spider:1)
  A boulder beetle (Lair:5)
  3 death yaks
  A deep troll (D:15)
  An obsidian statue (IceCv)
  7 wolf spiders
  An orb spider (Spider:1)
  An ugly thing (D:15)
  5 demonic crawlers
  2 slime creatures (D:13)
  5 jumping spiders
  15 redbacks
  6 tarantellas
  A wyvern (D:8)
  2 yaks (Lair:5)
  A basilisk (Lair:1)
  A steam dragon (Lair:4)
  A vampire mosquito (D:12)
  A warg (Orc:2)
  A water moccasin (Lair:4)
  4 orc warriors
  2 ogres
  A phantom (D:5)
  3 bullfrogs
  2 killer bees (D:8)
  A centaur zombie (D:6)
  An orc priest (Orc:2)
  A hound (D:6)
  An iguana (D:6)
  3 orc wizards
  2 adders
  A gnoll (D:10)
  4 orcs
  An endoplasm (D:4)
  2 giant cockroaches
  3 foxfires (Lair:4)
91 creatures vanquished.

Vanquished Creatures (others)
  10 hexers
  An ancestor (D:4)
  658 foxfires
  24 fungi
  60 plants
753 creatures vanquished.

Grand Total: 1666 creatures vanquished

Notes
Turn   | Place    | Note
-------+----------+-------------------------------------------
     0 | D:1      | robertstho the Djinni Fire Elementalist began the quest for
                  | the Orb.
     0 | D:1      | Reached XP level 1. HP: 15/15 MP: 0/0
   440 | D:1      | Reached XP level 2. HP: 19/22 MP: 0/0
   772 | D:1      | Reached skill level 3 in Spellcasting
   824 | D:1      | Reached XP level 3. HP: 16/26 MP: 0/0
   824 | D:1      | Learned a level 1 spell: Freeze
  1051 | D:1      | Found a faded altar of an unknown god.
  1393 | D:2      | Identified a scroll of acquirement
  1393 | D:2      | Acquired the amulet "Uthomaec" {rC+ rN+ Regen+ Str+4}
  1936 | D:2      | Reached XP level 4. HP: 31/31 MP: 0/0
  1990 | D:2      | Reached skill level 1 in Fighting
  2359 | D:3      | Reached skill level 4 in Spellcasting
  2359 | D:3      | Reached XP level 5. HP: 37/37 MP: 0/0
  2359 | D:3      | Learned a level 2 spell: Searing Ray
  2397 | D:3      | Found a hazy altar of Hepliaklqana.
  2408 | D:3      | Became a worshipper of Hepliaklqana the Forgotten
  2707 | D:3      | Found a white marble altar of Elyvilon.
  2784 | D:4      | Reached XP level 6. HP: 34/42 MP: 0/0
  2917 | D:4      | Found an iron altar of Okawaru.
  2946 | D:4      | Reached * piety under Hepliaklqana
  3067 | D:4      | Noticed an ogre
  3071 | D:4      | Killed an ogre
  3098 | D:4      | Noticed a necrophage
  3107 | D:4      | Killed a necrophage
  3108 | D:4      | Reached skill level 5 in Spellcasting
  3108 | D:4      | Reached skill level 1 in Invocations
  3108 | D:4      | Reached XP level 7. HP: 42/43 MP: 0/0
  3108 | D:4      | Learned a level 2 spell: Call Imp
  3536 | D:4      | Found a runed translucent door.
  3537 | D:4      | Noticed Crazy Yiuf
  3618 | D:4      | Killed Crazy Yiuf
  3648 | D:5      | Entered Level 5 of the Dungeon
  3732 | D:5      | Reached skill level 6 in Spellcasting
  3732 | D:5      | Reached XP level 8. HP: 37/49 MP: 0/0
  3792 | D:5      | Found Gutzy's General Store.
  3809 | D:5      | Bought a scroll of torment for 82 gold pieces
  3809 | D:5      | Bought a scroll of amnesia for 38 gold pieces
  3809 | D:5      | Bought a potion of curing for 33 gold pieces
  4004 | D:5      | Noticed a wyvern
  4011 | D:5      | Killed a wyvern
  4012 | D:5      | Reached skill level 7 in Spellcasting
  4012 | D:5      | Reached XP level 9. HP: 55/55 MP: 0/0
  4012 | D:5      | Learned a level 3 spell: Tukima's Dance
  4104 | D:5      | Reached ** piety under Hepliaklqana
  4117 | D:5      | Remembered your ancestor Cyneburga as a hexer
  4274 | D:5      | Found a staircase to the Ecumenical Temple.
  4738 | D:6      | Found a shadowy altar of Dithmenos.
  4746 | D:6      | Reached skill level 8 in Spellcasting
  4990 | D:6      | Found a blossoming altar of Fedhas.
  5370 | D:7      | Found a broken altar of Ashenzari.
  5819 | D:8      | Reached *** piety under Hepliaklqana
  5850 | D:8      | Reached skill level 9 in Spellcasting
  5850 | D:8      | Reached XP level 10. HP: 24/62 MP: 0/0
  5934 | D:8      | Found a bloodstained altar of Trog.
  6192 | D:8      | Found a stormy altar of Qazlal.
  6373 | D:9      | Reached skill level 1 in Short Blades
  6505 | D:9      | Reached skill level 5 in Fighting
  6658 | D:9      | Reached **** piety under Hepliaklqana
  6700 | D:9      | Reached skill level 1 in Shields
  6716 | D:9      | Found a runed translucent door.
  6717 | D:9      | Found a basalt altar of Yredelemnul.
  6809 | D:9      | Noticed Erica
  6813 | D:9      | Killed Erica
  6814 | D:9      | Reached skill level 10 in Spellcasting
  6925 | D:9      | Found a staircase to the Orcish Mines.
  6954 | D:9      | Noticed a two-headed ogre
  6958 | D:9      | Killed a two-headed ogre
  6959 | D:9      | Reached XP level 11. HP: 55/68 MP: 0/0
  6959 | D:9      | Learned a level 5 spell: Freezing Cloud
  7276 | D:9      | Found a burning altar of Makhleb.
  7444 | D:10     | Entered Level 10 of the Dungeon
  7510 | D:10     | Found a runed translucent door.
  7530 | D:10     | Found a runed translucent door.
  7554 | D:10     | Found a runed translucent door.
  7591 | D:10     | Found a runed translucent door.
  7717 | D:10     | Reached skill level 11 in Spellcasting
  7780 | D:10     | Found a staircase to the Lair.
  8366 | D:10     | Noticed an orange crystal statue
  8500 | D:11     | Noticed a two-headed ogre
  8504 | D:11     | Killed a two-headed ogre
  8540 | D:11     | Noticed a two-headed ogre
  8546 | D:11     | Killed a two-headed ogre
  8547 | D:11     | Reached skill level 5 in Invocations
  8769 | D:11     | Reached ***** piety under Hepliaklqana
  8799 | D:11     | Noticed a manticore
  8805 | D:11     | Killed a manticore
  8882 | D:11     | Found a runed translucent door.
  8883 | D:11     | Noticed Nausicaa's ghost (journeyman MiBe)
  8883 | D:11     | Noticed an ettin
  9444 | D:12     | Reached XP level 12. HP: 13/74 MP: 0/0
  9548 | Lair:1   | Entered Level 1 of the Lair of Beasts
  9579 | Lair:1   | Reached skill level 12 in Spellcasting
  9620 | Lair:1   | Noticed a four-headed hydra
  9626 | Lair:1   | Killed a four-headed hydra
  9627 | Lair:1   | Reached skill level 1 in Long Blades
 10349 | Lair:2   | Noticed a seven-headed hydra
 10353 | Lair:2   | Killed a seven-headed hydra
 10562 | Lair:2   | Found a staircase to the Shoals.
 10605 | Lair:2   | Reached XP level 13. HP: 73/81 MP: 0/0
 10605 | Lair:2   | Learned a level 5 spell: Metabolic Englaciation
 10663 | Lair:2   | Reached skill level 13 in Spellcasting
 11333 | Lair:3   | Reached ****** piety under Hepliaklqana
 12103 | Lair:4   | Noticed a boulder beetle
 12103 | Lair:4   | Noticed a boulder beetle
 12118 | Lair:4   | Killed a boulder beetle
 12134 | Lair:4   | Killed a boulder beetle
 12244 | Lair:4   | Reached skill level 14 in Spellcasting
 12263 | Lair:4   | Found a hole to the Spider Nest.
 12324 | Lair:4   | Noticed an eight-headed hydra
 12324 | Lair:4   | Noticed a six-headed hydra
 12327 | Lair:4   | Killed a six-headed hydra
 12330 | Lair:4   | Killed an eight-headed hydra
 12488 | Lair:4   | Reached XP level 14. HP: 47/88 MP: 0/0
 12742 | Lair:4   | Acquired a +4 ring of protection
 12751 | Lair:4   | Reached skill level 5 in Dodging
 12751 | Lair:4   | Reached XP level 15. HP: 93/93 MP: 0/0
 12751 | Lair:4   | Learned a level 6 spell: Death Channel
 12752 | Lair:4   | Acquired a manual of Fighting
 13215 | Lair:5   | Reached skill level 15 in Spellcasting
 13829 | Lair:6   | Entered Level 6 of the Lair of Beasts
 14307 | Lair:6   | Identified the ring of the Saving Ancients {rPois Int+6}
 15104 | Lair:6   | Found a staircase to the Slime Pits.
 15410 | Orc:1    | Entered Level 1 of the Orcish Mines
 15410 | Orc:1    | Found Soich's Assorted Antiques.
 15504 | Orc:1    | Reached skill level 16 in Spellcasting
 15518 | Orc:1    | Reached XP level 16. HP: 67/100 MP: 0/0
 15834 | Orc:1    | Bought a scroll of identify for 38 gold pieces
 15834 | Orc:1    | Bought a fuming inky potion for 17 gold pieces
 15834 | Orc:1    | Bought a scroll labelled EMOQAO CUFOTE for 19 gold pieces
 15834 | Orc:1    | Bought a scroll of identify for 38 gold pieces
 15834 | Orc:1    | Bought a scroll labelled EMOQAO CUFOTE for 19 gold pieces
 15834 | Orc:1    | Bought a glowing orange potion for 17 gold pieces
 15968 | Orc:1    | You are sucked into a shaft and drop 1 floor!
 15968 | Orc:2    | Entered Level 2 of the Orcish Mines
 15980 | Orc:2    | Noticed Saint Roka
 16009 | Orc:2    | Killed Saint Roka
 16121 | Orc:2    | Found Coraug's Jewellery Shop.
 16186 | Orc:2    | Reached skill level 10 in Fighting
 16347 | Orc:2    | Noticed Blork the orc
 16350 | Orc:2    | Killed Blork the orc
 16412 | Orc:2    | Found Ifauz's Jewellery Boutique.
 16448 | Orc:2    | Found Nofureg's General Store.
 16469 | Orc:2    | Found Zefar's Antique Weapon Boutique.
 16513 | Orc:2    | Bought a scroll of acquirement for 676 gold pieces
 16514 | Orc:2    | Acquired the +5 buckler of Barnacled Joy {rN+}
 16641 | Orc:2    | Found a burning altar of Makhleb.
 16830 | Orc:2    | Found a staircase to the Elven Halls.
 16983 | Orc:2    | Found Ifudgh's Antique Armour Boutique.
 16990 | Orc:2    | Bought a glowing cloak for 180 gold pieces
 17442 | D:12     | You are sucked into a shaft and drop 2 floors!
 18263 | D:13     | Found Ryzitro's Antique Armour Shop.
 18383 | D:13     | Reached skill level 17 in Spellcasting
 18607 | D:13     | Found Yfrer's Magic Scroll Shoppe.
 18619 | D:13     | Bought a scroll of identify for 32 gold pieces
 18619 | D:13     | Bought a scroll of identify for 32 gold pieces
 18619 | D:13     | Bought a scroll of identify for 32 gold pieces
 18619 | D:13     | Bought a scroll of identify for 32 gold pieces
 18619 | D:13     | Bought a scroll of holy word for 120 gold pieces
 18619 | D:13     | Bought a scroll of teleportation for 48 gold pieces
 19137 | D:15     | Entered Level 15 of the Dungeon
 19208 | D:15     | Reached XP level 17. HP: 87/108 MP: 0/0
 19208 | D:15     | Learned a level 6 spell: Shadow Creatures
 19286 | D:15     | Found a frozen archway.
 19293 | IceCv    | Entered an ice cave
 19699 | IceCv    | Acquired 843 gold pieces
 19752 | IceCv    | Noticed a lich
 19778 | IceCv    | Killed a lich
 20395 | D:15     | Found a staircase to the Depths.
 20972 | Spider:1 | Entered Level 1 of the Spider Nest
 21153 | Spider:1 | Reached skill level 18 in Spellcasting
 21160 | Spider:1 | Identified the +1 robe "Xaddugid" {rC+}
 21470 | Spider:2 | Reached skill level 10 in Invocations
 22262 | Spider:3 | Found a runed translucent gate.
 22268 | Spider:3 | Found a runed translucent gate.
 22269 | Spider:3 | Found a runed translucent gate.
 22273 | Spider:3 | Noticed Ypolaimeny's ghost (journeyman HOWz)
 22325 | Spider:3 | Reached XP level 18. HP: 96/117 MP: 0/0
 23254 | Spider:3 | Killed Ypolaimeny's ghost
 23282 | Spider:3 | Identified the ring of Zenud {EV+4 Str+4 Int+4 Dex+4
                  | Stlth-}
 23286 | Spider:3 | Identified the +2 hat "Ugeg" {rElec Str+2 Dex+3 Stlth-}
 23332 | Spider:4 | Entered Level 4 of the Spider Nest
 23933 | Spider:4 | Reached skill level 19 in Spellcasting
 24014 | Spider:4 | Slain by a ghost moth

Illustrated notes

Levels and vault maps discovered:
D:1:      dpeg_arrival_snail, layout_rooms, ebering_ecumenical_altar_webs,
          hangedman_decor_clover_reticule
D:2:      minmay_evil_eye, layout_basic
D:3:      layout_basic, old_standard_altar, lemuel_round_altar, minmay_ruptured
D:4:      layout_basic, okawaru_metal_pillars_1_2,
          hangedman_abyss_or_decor_stagger, uniq_crazy_yiuf_cottage
D:5:      layout_cave_pools, minmay_temple_entry_poolview, serial_shops,
          nicolae_shop_competitors_out_of_business, abandoned_shop,
          minmay_starry_boxes
D:6:      layout_basic, nicolae_overflow_crystal_walls,
          nicolae_dithmenos_the_darkroom, serial_corexii_hall,
          corexii_hall_statues_l, corexii_hall_statues_t,
          chequers_hall_statues_corner_a, chequers_hall_statues_corner_a,
          kennysheep_big_empty_room
D:7:      layout_basic, lemuel_tele_altar, grunt_ministairs_13,
          kennysheep_generic_room_9
D:8:      layout_gridville, marbit_many_paths, mainiacjoe_overflow_chevrons
D:9:      layout_stronghold, lemuel_crystal_altar, dk_yredelemnul_ordeal,
          orc_0_dummy, chequers_serial_rivers_room_a, uniq_erica
D:10:     layout_loops_corners, erik_lair_island, minmay_statue_crystal_thing
D:11:     layout_long_grid, ebering_ghost_inner_flame
D:12:     layout_irregular_city, gauntlet_entry_generic
D:13:     layout_irregular_city, serial_shops, shop, shop
D:14:     layout_roguey, hangedman_vaults_entry_quadrant_bands,
          infiniplex_staircase_zigzag_3, serial_bayou_ford_a,
          einodemon_barbed_minivault
D:15:     hangedman_depths_entry_civil_slaughter, layout_loops_ring,
          minmay_crystal_room, portal_ice_cave_entry_dragon
Lair:1:   layout_regular_city, grunt_megastairs_3
Lair:2:   layout_regular_city, elwin_shoals_entry_stream, grunt_megastairs_5
Lair:3:   layout_gridlike, grunt_megastairs_4, wad_woods_river_01
Lair:4:   layout_misc_corridors, nicolae_spider_entry_non_spiders,
          grunt_megastairs_2
Lair:5:   layout_long_grid
Lair:6:   evilmike_catoblepas_cave, layout_regular_city,
          minmay_slime_entry_oklob_enclosed, minivault_24
Spider:1: layout_spider_delve, nicolae_spider_webbed_stairs
Spider:2: layout_spider_delve
Spider:3: layout_chambers, gammafunk_ghost_tricky_traps, nicolae_spider_orb_run
Spider:4: grunt_spider_rune_circles, gammafunk_ghost_grave, drop_trap,
          einodemon_crawler_minivault
Orc:1:    layout_caves, serial_shops, nicolae_shop_stone, minmay_orc_temple_c
Orc:2:    grunt_orc_cross, layout_caves, basic_altar, serial_shops,
          nicolae_shop_stone, uniq_saint_roka

Skill      XL: |  1  2  3  4  5  6  7  8  9 10 11 12 13 14 15 16 17 18 |
---------------+-------------------------------------------------------+-----
Spellcasting   | 3 4 5 6 7 9 10 11 12 14 16 17 18 19 | 19.0
Fighting       | 1 2 4 5 6 7 8 9 11 12 13 | 13.0
Stealth        | 2 3 4 |  4.8
Invocations    | 1 2 3 4 5 6 7 8 9 10 | 10.8
Dodging        | 3 4 5 6 |  6.1
Short Blades   | 1 2 |  2.0
Shields        | 1 2 3 |  3.4
Long Blades    | 1 2 3 |  3.4
Armour         | 2 3 4 |  4.0
Evocations     | 2 |  2.1

Action                   |  1- 3 |  4- 6 |  7- 9 | 10-12 | 13-15 | 16-18 || total
-------------------------+-------+-------+-------+-------+-------+-------++-------
Melee: Dagger            |     1 |     1 |     1 |       |       |       ||     3
       Short sword       |       |       |    23 |     4 |       |       ||    27
       Scimitar          |       |       |       |     9 |     1 |    22 ||    32
 Cast: Foxfire           |    95 |   112 |   183 |       |    22 |     5 ||   417
       Sticky Flame      |       |     1 |    12 |    18 |    12 |    61 ||   104
       Fireball          |       |       |    10 |   159 |   207 |   463 ||   839
       Freezing Cloud    |       |       |       |     2 |    20 |    49 ||    71
       Metabolic Englaci |       |       |       |       |    20 |    28 ||    48
       Searing Ray       |       |       |       |       |    13 |     4 ||    17
       Death Channel     |       |       |       |       |     1 |     4 ||     5
       Tukima's Dance    |       |       |       |       |       |     1 ||     1
       Shadow Creatures  |       |       |       |       |       |    27 ||    27
Invok: Ancestor Life: He |       |       |     1 |       |       |       ||     1
       Recall Ancestor   |       |       |       |     2 |       |     2 ||     4
  Use: Scroll            |     3 |     2 |     3 |     6 |     5 |    17 ||    36
       Potion            |       |       |       |       |     1 |     7 ||     8
 Stab: Sleeping          |       |     1 |     1 |       |       |       ||     2
       Distracted        |       |       |       |       |       |     2 ||     2
       Paralysed         |       |       |       |       |       |     2 ||     2
Armor: Robe              |       |     3 |    11 |    10 |     6 |     6 ||    36
       Troll leather arm |       |       |       |       |       |    69 ||    69
Dodge: Dodged            |     1 |     4 |    41 |    27 |    10 |   131 ||   214
Block: Buckler           |       |       |     6 |     6 |     1 |    93 ||   106
       Rpst.: Scimitar   |       |       |       |     6 |     3 |    22 ||    31

Table legend: (Time is in decaauts)
 A = Elapsed time spent in this place.
 B = Non-inter-level travel time spent in this place.
 C = Inter-level travel time spent in this place.
 D = Time resting spent in this place.
 E = Time spent auto-exploring this place.
 F = Levels seen in this place.
 G = Mean time per level.
                   A        B        C        D        E       F      G
               +--------+--------+--------+--------+--------+-----+--------+
         Total |  24077 |  22557 |   1520 |    847 |  17750 |  28 |  859.9 |
       Dungeon |  12623 |  11585 |   1038 |    285 |   9589 |  15 |  841.5 |
          Lair |   5898 |   5529 |    369 |    307 |   4490 |   6 |  983.0 |
   Spider Nest |   3046 |   2965 |     81 |     47 |   2233 |   4 |  761.5 |
  Orcish Mines |   1697 |   1666 |     31 |     65 |   1157 |   2 |  848.5 |
      Ice Cave |    810 |    810 |      0 |    143 |    281 |   1 |  810.0 |
               +--------+--------+--------+--------+--------+-----+--------+

Top non-repeatable levels by time:
  Lair:6: 1450 daAuts
     D:9: 1395 daAuts
     D:1: 1391 daAuts
Spider:3: 1304 daAuts
    D:10: 1135 daAuts
  Lair:5: 1096 daAuts
   Orc:2: 1087 daAuts
  Lair:3: 1045 daAuts
    D:11: 983 daAuts
     D:4: 933 daAuts
     D:2: 928 daAuts
    D:15: 878 daAuts
     D:6: 863 daAuts
  Lair:1: 842 daAuts
   IceCv: 810 daAuts
